Workbook

Sheet Instructions
A1: Invoice Instructions and Guidelines
A2: · Enter the agency and program information on the top of the invoice tab for the first month of the contract year. You will note that certain data elements will automatically appear on the remaining eleven invoice tabs.
A4: · Since the invoice number, monthly invoice ending date, and invoice period covered entries change each month, these entries will have to be manually entered on each month's tab.
A6: · Enter the Program Code, Program Name, and Contract Budget on the first month of the contract year.
A8: · Enter the annual contract line-item budget amounts in the “Contract Budgeted Amount” column.
A10: · Enter the current month’s expenditures into the “This month’s TDMHSAS Expenditures” column. You will note that the “Year-to-date Expenditures Billed to TDMHSAS” column will be automatically updated.
A12: · If a monthly expenditure line item causes the “Year-to-date Expenditures Billed to TDMHSAS” column to exceed the budgeted amount for that line, the entry will turn red. This may indicate an entry error or the need for a budget revision. If the red flag is not due to an entry error, contact the Program Manager for a resolution of the line-item overage.
A14: · If a budget revision is approved, enter the revised budget amount(s) on the current month’s invoice tab only. You will note that the current month’s and subsequent months’ invoice tabs will be updated accordingly while the preceding months’ invoice tabs will not be affected.
A15: • After the invoices have been signed and dated you may submit them electronically to
A16: MHSAS.Fiscal.Invoices@tn.gov as per instructions available at the link below:
A17: HTTPS://tn.gov/behavioral-health/article/how-to-email-invoices

Sheet JUL
B1: STATE OF TENNESSEE | K1: FY - 2024
B2: DEPARTMENT OF MENTAL HEALTH AND SUBSTANCE ABUSE SERVICES
B3: INVOICE FOR REIMBURSEMENT
A6: (EDISON) NAME OF GRANTEE : | F6: GRANTEE REFERENCE #:
A7: (EDISON) REMITTANCE ADDRESS: | F7: MONTHLY INVOICE ENDING DATE: | J7: =+Sheet1!G6 -> 45138
F8: INVOICE PERIOD COVERED: | J8: =+Sheet1!L6 -> 07/01/2023 thru 07/31/2023
A9: (EDISON) VENDOR NUMBER: | F9: INVOICE PREPARER NAME:
A10: (EDISON) CONTRACT # | F10: TELEPHONE #:
A11: CONTRACT PERIOD: | F11: E-MAIL:
A14: THIS FORM IS DESIGNED TO BE USED FOR ONE PROGRAM, IF YOU HAVE SEVERAL PROGRAMS, YOU MUST COMPLETE A FORM FOR EACH PROGRAM.
A16: PROGRAM CODE: | D16: CONTRACT BUDGETED AMOUNT | E16: YEAR-TO-DATE EXPENDITURES BILLED TO TDMHSAS | F16: THIS MONTH’S TDMHSAS EXPENDITURES | I16: AMOUNT DUE | K16: TDMHSAS USE ONLY
A17: PROGRAM NAME:
A18: CONTRACT BUDGET:
A19: 1 & 2 | B19: SALARIES, BENEFITS & TAXES | E19: =SUM(F19) -> 0 | H19: =SUM(F31) -> 0 | K19: P.O. #:
A20: 4, 15 | B20: PROFESSIONAL FEES/GRANTS AND AWARDS | E20: =SUM(F20) -> 0 | H20: Reconciliation Explanation Below | I20: Please use the below space for any comments about your monthly expenses (for example: you are including a true-up or you are including a refund due to the state).
A21: 5, 6, 7, 8,9 & 10 | B21: SUPPLIES, TELEPHONE, POSTAGE, OCCUPANCY EQUIPMENT RENTAL & PRINTING | E21: =SUM(F21) -> 0
A22: 11 & 12 | B22: TRAVEL, CONFERENCES & MEETINGS | E22: =SUM(F22) -> 0 | K22: CONTRACT#
A23: 13 | B23: INTEREST | E23: =SUM(F23) -> 0 | K23: =+C10 -> 0
A24: 14 | B24: INSURANCE | E24: =SUM(F24) -> 0
A25: 16 | B25: SPECIFIC ASSISTANCE TO INDIVIDUALS | E25: =SUM(F25) -> 0 | K25: PROGRAM #
A26: 17 | B26: DEPRECIATION | E26: =SUM(F26) -> 0 | K26: =+B16 -> 0
A27: 18 | B27: OTHER NONPERSONNEL EXPENSES | E27: =SUM(F27) -> 0
A28: 20 | B28: CAPITAL PURCHASE | E28: =SUM(F28) -> 0 | K28: AMOUNT:
A29: 21 | B29: TOTAL DIRECT PROGRAM EXPENSES | D29: =SUM(D19:D28) -> 0 | E29: =SUM(E19:E28) -> 0 | F29: =SUM(F19:G28) -> 0 | K29: =F31 -> 0
A30: 22 | B30: INDIRECT COSTS / ADMINISTRATIVE EXPENSES | E30: =ROUND(SUM(F30),2) -> 0
A31: 23 | B31: TOTAL DIRECT AND ADMINISTRATIVE EXPENSES | D31: =SUM(D29:D30) -> 0 | E31: =SUM(E29:E30) -> 0 | F31: =SUM(F29:G30) -> 0 | K31: TOTAL:
A32: 24 | B32: IN-KIND EXPENSES | E32: =SUM(F32) -> 0 | K32: $
A33: 25 | B33: TOTAL EXPENSES | D33: =SUM(D31:D32) -> 0 | E33: =SUM(E31:E32) -> 0 | F33: =SUM(F31:G32) -> 0
A34: I Certify, to the Best of my Knowledge and Belief, the data above is correct and all expenditures were made in accordance with the contract conditions and payment is due and has not been previously requested. | G34: TDMHSAS SECTION ONLY
A36: (REQUIRED) GRANTEE'S AUTHORIZED SIGNATURE: | G36: APPROVED BY:____________________________DATE___________________
A37: NAME TITLE | G37: If not approved for payment – please state reason: ___________________________
G38: ___________________________________________________________________
A39: DATE | C39: Additional Comments if needed | G39: DISAPPROVED BY:____________________________ DATE:____________PROGRAM DIRECTOR
A40: TIMELY FILED, ERROR FREE INVOICES SPEED UP PAYMENT PROCESSING AND ARE APPRECIATED. | K40: Form Date: 7/30/23

Sheet AUG
B1: STATE OF TENNESSEE | K1: =+JUL!K1 -> FY - 2024
B2: DEPARTMENT OF MENTAL HEALTH AND SUBSTANCE ABUSE SERVICES
B3: INVOICE FOR REIMBURSEMENT
A6: (EDISON) NAME OF GRANTEE : | C6: =IF(JUL!C6="","",JUL!C6) | F6: GRANTEE REFERENCE #:
A7: (EDISON) REMITTANCE ADDRESS: | C7: =IF(JUL!C7="","",JUL!C7) | F7: MONTHLY INVOICE ENDING DATE: | J7: =+Sheet1!G7 -> 45169
C8: =IF(JUL!C8="","",JUL!C8) | F8: INVOICE PERIOD COVERED: | J8: =+Sheet1!L7 -> 08/01/2023 thru 08/31/2023
A9: (EDISON) VENDOR NUMBER: | C9: =IF(JUL!C9="","",JUL!C9) | F9: INVOICE PREPARER NAME: | J9: =IF(JUL!J9="","",JUL!J9)
A10: (EDISON) CONTRACT # | C10: =IF(JUL!C10="","",JUL!C10) | F10: TELEPHONE #: | J10: =IF(JUL!J10="","",JUL!J10)
A11: CONTRACT PERIOD: | C11: =IF(JUL!C11="","",JUL!C11) | F11: E-MAIL: | J11: =IF(JUL!J11="","",JUL!J11)
A14: THIS FORM IS DESIGNED TO BE USED FOR ONE PROGRAM, IF YOU HAVE SEVERAL PROGRAMS, YOU MUST COMPLETE A FORM FOR EACH PROGRAM.
A16: PROGRAM CODE: | B16: =IF(JUL!B16="","",JUL!B16) | D16: CONTRACT BUDGETED AMOUNT | E16: YEAR-TO-DATE EXPENDITURES BILLED TO TDMHSAS | F16: THIS MONTH’S TDMHSAS EXPENDITURES | I16: AMOUNT DUE | K16: TDMHSAS USE ONLY
A17: PROGRAM NAME: | B17: =IF(JUL!B17="","",JUL!B17)
A18: CONTRACT BUDGET: | B18: =IF(JUL!B18="","",JUL!B18)
A19: 1 & 2 | B19: SALARIES, BENEFITS & TAXES | D19: =JUL!D19 -> 0 | E19: =SUM(F19)+JUL!E19 -> 0 | H19: =SUM(F31) -> 0 | K19: P.O. #:
A20: 4, 15 | B20: PROFESSIONAL FEES/GRANTS AND AWARDS | D20: =JUL!D20 -> 0 | E20: =SUM(F20)+JUL!E20 -> 0 | H20: Reconciliation Explanation Below | I20: Please use the below space for any comments about your monthly expenses (for example: you are including a true-up or you are including a refund due to the state).
A21: 5, 6, 7, 8,9 & 10 | B21: SUPPLIES, TELEPHONE, POSTAGE, OCCUPANCY EQUIPMENT RENTAL & PRINTING | D21: =JUL!D21 -> 0 | E21: =SUM(F21)+JUL!E21 -> 0
A22: 11 & 12 | B22: TRAVEL, CONFERENCES & MEETINGS | D22: =JUL!D22 -> 0 | E22: =SUM(F22)+JUL!E22 -> 0 | K22: CONTRACT#
A23: 13 | B23: INTEREST | D23: =JUL!D23 -> 0 | E23: =SUM(F23)+JUL!E23 -> 0 | K23: =+C10
A24: 14 | B24: INSURANCE | D24: =JUL!D24 -> 0 | E24: =SUM(F24)+JUL!E24 -> 0
A25: 16 | B25: SPECIFIC ASSISTANCE TO INDIVIDUALS | D25: =JUL!D25 -> 0 | E25: =SUM(F25)+JUL!E25 -> 0 | K25: PROGRAM #
A26: 17 | B26: DEPRECIATION | D26: =JUL!D26 -> 0 | E26: =SUM(F26)+JUL!E26 -> 0 | K26: =+B16
A27: 18 | B27: OTHER NONPERSONNEL EXPENSES | D27: =JUL!D27 -> 0 | E27: =SUM(F27)+JUL!E27 -> 0
A28: 20 | B28: CAPITAL PURCHASE | D28: =JUL!D28 -> 0 | E28: =SUM(F28)+JUL!E28 -> 0 | K28: AMOUNT:
A29: 21 | B29: TOTAL DIRECT PROGRAM EXPENSES | D29: =SUM(D19:D28) -> 0 | E29: =SUM(E19:E28) -> 0 | F29: =SUM(F19:G28) -> 0 | K29: =F31 -> 0
A30: 22 | B30: INDIRECT COSTS / ADMINISTRATIVE EXPENSES | D30: =JUL!D30 -> 0 | E30: =SUM(F30)+JUL!E30 -> 0
A31: 23 | B31: TOTAL DIRECT AND ADMINISTRATIVE EXPENSES | D31: =SUM(D29:D30) -> 0 | E31: =SUM(E29:E30) -> 0 | F31: =SUM(F29:G30) -> 0 | K31: TOTAL:
A32: 24 | B32: IN-KIND EXPENSES | D32: =JUL!D32 -> 0 | E32: =SUM(F32)+JUL!E32 -> 0 | K32: $
A33: 25 | B33: TOTAL EXPENSES | D33: =SUM(D31:D32) -> 0 | E33: =SUM(E31:E32) -> 0 | F33: =SUM(F31:G32) -> 0
A34: I Certify, to the Best of my Knowledge and Belief, the data above is correct and all expenditures were made in accordance with the contract conditions and payment is due and has not been previously requested. | G34: TDMHSAS SECTION ONLY
A36: (REQUIRED) GRANTEE'S AUTHORIZED SIGNATURE: | G36: APPROVED BY:____________________________DATE___________________
A37: NAME TITLE | G37: If not approved for payment – please state reason: ___________________________
G38: ___________________________________________________________________
A39: DATE | C39: Additional Comments if needed | G39: DISAPPROVED BY:____________________________ DATE:____________PROGRAM DIRECTOR
A40: TIMELY FILED, ERROR FREE INVOICES SPEED UP PAYMENT PROCESSING AND ARE APPRECIATED. | K40: =+JUL!K40 -> Form Date: 7/30/23

Sheet SEPT
B1: STATE OF TENNESSEE | K1: =+JUL!K1 -> FY - 2024
B2: DEPARTMENT OF MENTAL HEALTH AND SUBSTANCE ABUSE SERVICES
B3: INVOICE FOR REIMBURSEMENT
A6: (EDISON) NAME OF GRANTEE : | C6: =IF(AUG!C6="","",AUG!C6) | F6: GRANTEE REFERENCE #:
A7: (EDISON) REMITTANCE ADDRESS: | C7: =IF(AUG!C7="","",AUG!C7) | F7: MONTHLY INVOICE ENDING DATE: | J7: =+Sheet1!G8 -> 45199
C8: =IF(AUG!C8="","",AUG!C8) | F8: INVOICE PERIOD COVERED: | J8: =+Sheet1!L8 -> 09/01/2023 thru 09/30/2023
A9: (EDISON) VENDOR NUMBER: | C9: =IF(AUG!C9="","",AUG!C9) | F9: INVOICE PREPARER NAME: | J9: =IF(AUG!J9="","",AUG!J9)
A10: (EDISON) CONTRACT # | C10: =IF(AUG!C10="","",AUG!C10) | F10: TELEPHONE #: | J10: =IF(AUG!J10="","",AUG!J10)
A11: CONTRACT PERIOD: | C11: =IF(AUG!C11="","",AUG!C11) | F11: E-MAIL: | J11: =IF(AUG!J11="","",AUG!J11)
A14: THIS FORM IS DESIGNED TO BE USED FOR ONE PROGRAM, IF YOU HAVE SEVERAL PROGRAMS, YOU MUST COMPLETE A FORM FOR EACH PROGRAM.
A16: PROGRAM CODE: | B16: =IF(AUG!B16="","",AUG!B16) | D16: CONTRACT BUDGETED AMOUNT | E16: YEAR-TO-DATE EXPENDITURES BILLED TO TDMHSAS | F16: THIS MONTH’S TDMHSAS EXPENDITURES | I16: AMOUNT DUE | K16: TDMHSAS USE ONLY
A17: PROGRAM NAME: | B17: =IF(AUG!B17="","",AUG!B17)
A18: CONTRACT BUDGET: | B18: =IF(AUG!B18="","",AUG!B18)
A19: 1 & 2 | B19: SALARIES, BENEFITS & TAXES | D19: =AUG!D19 -> 0 | E19: =SUM(F19)+AUG!E19 -> 0 | H19: =SUM(F31) -> 0 | I19: =SUM(F31) -> 0 | K19: P.O. #:
A20: 4, 15 | B20: PROFESSIONAL FEES/GRANTS AND AWARDS | D20: =AUG!D20 -> 0 | E20: =SUM(F20)+AUG!E20 -> 0 | I20: Please use the below space for any comments about your monthly expenses (for example: you are including a true-up or you are including a refund due to the state).
A21: 5, 6, 7, 8,9 & 10 | B21: SUPPLIES, TELEPHONE, POSTAGE, OCCUPANCY EQUIPMENT RENTAL & PRINTING | D21: =AUG!D21 -> 0 | E21: =SUM(F21)+AUG!E21 -> 0
A22: 11 & 12 | B22: TRAVEL, CONFERENCES & MEETINGS | D22: =AUG!D22 -> 0 | E22: =SUM(F22)+AUG!E22 -> 0 | K22: CONTRACT#
A23: 13 | B23: INTEREST | D23: =AUG!D23 -> 0 | E23: =SUM(F23)+AUG!E23 -> 0 | K23: =+C10
A24: 14 | B24: INSURANCE | D24: =AUG!D24 -> 0 | E24: =SUM(F24)+AUG!E24 -> 0
A25: 16 | B25: SPECIFIC ASSISTANCE TO INDIVIDUALS | D25: =AUG!D25 -> 0 | E25: =SUM(F25)+AUG!E25 -> 0 | K25: PROGRAM #
A26: 17 | B26: DEPRECIATION | D26: =AUG!D26 -> 0 | E26: =SUM(F26)+AUG!E26 -> 0 | K26: =+B16
A27: 18 | B27: OTHER NONPERSONNEL EXPENSES | D27: =AUG!D27 -> 0 | E27: =SUM(F27)+AUG!E27 -> 0
A28: 20 | B28: CAPITAL PURCHASE | D28: =AUG!D28 -> 0 | E28: =SUM(F28)+AUG!E28 -> 0 | K28: AMOUNT:
A29: 21 | B29: TOTAL DIRECT PROGRAM EXPENSES | D29: =SUM(D19:D28) -> 0 | E29: =SUM(E19:E28) -> 0 | F29: =SUM(F19:G28) -> 0 | K29: =F31 -> 0
A30: 22 | B30: INDIRECT COSTS / ADMINISTRATIVE EXPENSES | D30: =AUG!D30 -> 0 | E30: =ROUND(SUM(F30),2)+AUG!E30 -> 0
A31: 23 | B31: TOTAL DIRECT AND ADMINISTRATIVE EXPENSES | D31: =SUM(D29:D30) -> 0 | E31: =SUM(E29:E30) -> 0 | F31: =SUM(F29:G30) -> 0 | K31: TOTAL:
A32: 24 | B32: IN-KIND EXPENSES | D32: =AUG!D32 -> 0 | E32: =SUM(F32)+AUG!E32 -> 0 | K32: $
A33: 25 | B33: TOTAL EXPENSES | D33: =SUM(D31:D32) -> 0 | E33: =SUM(E31:E32) -> 0 | F33: =SUM(F31:G32) -> 0
A34: I Certify, to the Best of my Knowledge and Belief, the data above is correct and all expenditures were made in accordance with the contract conditions and payment is due and has not been previously requested. | G34: TDMHSAS SECTION ONLY
A36: (REQUIRED) GRANTEE'S AUTHORIZED SIGNATURE: | G36: APPROVED BY:____________________________DATE___________________
A37: NAME TITLE | G37: If not approved for payment – please state reason: ___________________________
G38: ___________________________________________________________________
A39: DATE | C39: Additional Comments if needed | G39: DISAPPROVED BY:____________________________ DATE:____________PROGRAM DIRECTOR
A40: TIMELY FILED, ERROR FREE INVOICES SPEED UP PAYMENT PROCESSING AND ARE APPRECIATED. | K40: =+JUL!K40 -> Form Date: 7/30/23

Sheet OCT
B1: STATE OF TENNESSEE | K1: =+JUL!K1 -> FY - 2024
B2: DEPARTMENT OF MENTAL HEALTH AND SUBSTANCE ABUSE SERVICES
B3: INVOICE FOR REIMBURSEMENT
A6: (EDISON) NAME OF GRANTEE : | C6: =IF(SEPT!C6="","",SEPT!C6) | F6: GRANTEE REFERENCE #:
A7: (EDISON) REMITTANCE ADDRESS: | C7: =IF(SEPT!C7="","",SEPT!C7) | F7: MONTHLY INVOICE ENDING DATE: | J7: =+Sheet1!G9 -> 45230
C8: =IF(SEPT!C8="","",SEPT!C8) | F8: INVOICE PERIOD COVERED: | J8: =+Sheet1!L9 -> 10/01/2023 thru 10/31/2023
A9: (EDISON) VENDOR NUMBER: | C9: =IF(SEPT!C9="","",SEPT!C9) | F9: INVOICE PREPARER NAME: | J9: =IF(SEPT!J9="","",SEPT!J9)
A10: (EDISON) CONTRACT # | C10: =IF(SEPT!C10="","",SEPT!C10) | F10: TELEPHONE #: | J10: =IF(SEPT!J10="","",SEPT!J10)
A11: CONTRACT PERIOD: | C11: =IF(SEPT!C11="","",SEPT!C11) | F11: E-MAIL: | J11: =IF(SEPT!J11="","",SEPT!J11)
A14: THIS FORM IS DESIGNED TO BE USED FOR ONE PROGRAM, IF YOU HAVE SEVERAL PROGRAMS, YOU MUST COMPLETE A FORM FOR EACH PROGRAM.
A16: PROGRAM CODE: | B16: =IF(SEPT!B16="","",SEPT!B16) | D16: CONTRACT BUDGETED AMOUNT | E16: YEAR-TO-DATE EXPENDITURES BILLED TO TDMHSAS | F16: THIS MONTH’S TDMHSAS EXPENDITURES | I16: AMOUNT DUE | K16: TDMHSAS USE ONLY
A17: PROGRAM NAME: | B17: =IF(SEPT!B17="","",SEPT!B17)
A18: CONTRACT BUDGET: | B18: =IF(SEPT!B18="","",SEPT!B18)
A19: 1 & 2 | B19: SALARIES, BENEFITS & TAXES | D19: =SEPT!D19 -> 0 | E19: =SUM(F19)+SEPT!E19 -> 0 | H19: =SUM(F31) -> 0 | K19: P.O. #:
A20: 4, 15 | B20: PROFESSIONAL FEES/GRANTS AND AWARDS | D20: =SEPT!D20 -> 0 | E20: =SUM(F20)+SEPT!E20 -> 0 | H20: Reconciliation Explanation | I20: Please use the below space for any comments about your monthly expenses (for example: you are including a true-up or you are including a refund due to the state).
A21: 5, 6, 7, 8,9 & 10 | B21: SUPPLIES, TELEPHONE, POSTAGE, OCCUPANCY EQUIPMENT RENTAL & PRINTING | D21: =SEPT!D21 -> 0 | E21: =SUM(F21)+SEPT!E21 -> 0
A22: 11 & 12 | B22: TRAVEL, CONFERENCES & MEETINGS | D22: =SEPT!D22 -> 0 | E22: =SUM(F22)+SEPT!E22 -> 0 | K22: CONTRACT#
A23: 13 | B23: INTEREST | D23: =SEPT!D23 -> 0 | E23: =SUM(F23)+SEPT!E23 -> 0 | K23: =+C10
A24: 14 | B24: INSURANCE | D24: =SEPT!D24 -> 0 | E24: =SUM(F24)+SEPT!E24 -> 0
A25: 16 | B25: SPECIFIC ASSISTANCE TO INDIVIDUALS | D25: =SEPT!D25 -> 0 | E25: =SUM(F25)+SEPT!E25 -> 0 | K25: PROGRAM #
A26: 17 | B26: DEPRECIATION | D26: =SEPT!D26 -> 0 | E26: =SUM(F26)+SEPT!E26 -> 0 | K26: =+B16
A27: 18 | B27: OTHER NONPERSONNEL EXPENSES | D27: =SEPT!D27 -> 0 | E27: =SUM(F27)+SEPT!E27 -> 0
A28: 20 | B28: CAPITAL PURCHASE | D28: =SEPT!D28 -> 0 | E28: =SUM(F28)+SEPT!E28 -> 0 | K28: AMOUNT:
A29: 21 | B29: TOTAL DIRECT PROGRAM EXPENSES | D29: =SUM(D19:D28) -> 0 | E29: =SUM(E19:E28) -> 0 | F29: =SUM(F19:G28) -> 0 | K29: =F31 -> 0
A30: 22 | B30: INDIRECT COSTS / ADMINISTRATIVE EXPENSES | D30: =SEPT!D30 -> 0 | E30: =ROUND(SUM(F30),2)+SEPT!E30 -> 0
A31: 23 | B31: TOTAL DIRECT AND ADMINISTRATIVE EXPENSES | D31: =SUM(D29:D30) -> 0 | E31: =SUM(E29:E30) -> 0 | F31: =SUM(F29:G30) -> 0 | K31: TOTAL:
A32: 24 | B32: IN-KIND EXPENSES | D32: =SEPT!D32 -> 0 | E32: =SUM(F32)+SEPT!E32 -> 0 | K32: $
A33: 25 | B33: TOTAL EXPENSES | D33: =SUM(D31:D32) -> 0 | E33: =SUM(E31:E32) -> 0 | F33: =SUM(F31:G32) -> 0
A34: I Certify, to the Best of my Knowledge and Belief, the data above is correct and all expenditures were made in accordance with the contract conditions and payment is due and has not been previously requested. | G34: TDMHSAS SECTION ONLY
A36: (REQUIRED) GRANTEE'S AUTHORIZED SIGNATURE: | G36: APPROVED BY:____________________________DATE___________________
A37: NAME TITLE | G37: If not approved for payment – please state reason: ___________________________
G38: ___________________________________________________________________
A39: DATE | C39: Additional Comments if needed | G39: DISAPPROVED BY:____________________________ DATE:____________PROGRAM DIRECTOR
A40: TIMELY FILED, ERROR FREE INVOICES SPEED UP PAYMENT PROCESSING AND ARE APPRECIATED. | K40: =+JUL!K40 -> Form Date: 7/30/23

Sheet NOV
B1: STATE OF TENNESSEE | K1: =+JUL!K1 -> FY - 2024
B2: DEPARTMENT OF MENTAL HEALTH AND SUBSTANCE ABUSE SERVICES
B3: INVOICE FOR REIMBURSEMENT
A6: (EDISON) NAME OF GRANTEE : | C6: =IF(OCT!C6="","",OCT!C6) | F6: GRANTEE REFERENCE #:
A7: (EDISON) REMITTANCE ADDRESS: | C7: =IF(OCT!C7="","",OCT!C7) | F7: MONTHLY INVOICE ENDING DATE: | J7: =+Sheet1!G10 -> 45260
C8: =IF(OCT!C8="","",OCT!C8) | F8: INVOICE PERIOD COVERED: | J8: =+Sheet1!L10 -> 11/01/2023 thru 11/30/2023
A9: (EDISON) VENDOR NUMBER: | C9: =IF(OCT!C9="","",OCT!C9) | F9: INVOICE PREPARER NAME: | J9: =IF(OCT!J9="","",OCT!J9)
A10: (EDISON) CONTRACT # | C10: =IF(OCT!C10="","",OCT!C10) | F10: TELEPHONE #: | J10: =IF(OCT!J10="","",OCT!J10)
A11: CONTRACT PERIOD: | C11: =IF(OCT!C11="","",OCT!C11) | F11: E-MAIL: | J11: =IF(OCT!J11="","",OCT!J11)
A14: THIS FORM IS DESIGNED TO BE USED FOR ONE PROGRAM, IF YOU HAVE SEVERAL PROGRAMS, YOU MUST COMPLETE A FORM FOR EACH PROGRAM.
A16: PROGRAM CODE: | B16: =IF(OCT!B16="","",OCT!B16) | D16: CONTRACT BUDGETED AMOUNT | E16: YEAR-TO-DATE EXPENDITURES BILLED TO TDMHSAS | F16: THIS MONTH’S TDMHSAS EXPENDITURES | I16: AMOUNT DUE | K16: TDMHSAS USE ONLY
A17: PROGRAM NAME: | B17: =IF(OCT!B17="","",OCT!B17)
A18: CONTRACT BUDGET: | B18: =IF(OCT!B18="","",OCT!B18)
A19: 1 & 2 | B19: SALARIES, BENEFITS & TAXES | D19: =OCT!D19 -> 0 | E19: =SUM(F19)+OCT!E19 -> 0 | H19: =SUM(F31) -> 0 | K19: P.O. #:
A20: 4, 15 | B20: PROFESSIONAL FEES/GRANTS AND AWARDS | D20: =OCT!D20 -> 0 | E20: =SUM(F20)+OCT!E20 -> 0 | H20: Reconciliation Explanation | I20: Please use the below space for any comments about your monthly expenses (for example: you are including a true-up or you are including a refund due to the state).
A21: 5, 6, 7, 8,9 & 10 | B21: SUPPLIES, TELEPHONE, POSTAGE, OCCUPANCY EQUIPMENT RENTAL & PRINTING | D21: =OCT!D21 -> 0 | E21: =SUM(F21)+OCT!E21 -> 0
A22: 11 & 12 | B22: TRAVEL, CONFERENCES & MEETINGS | D22: =OCT!D22 -> 0 | E22: =SUM(F22)+OCT!E22 -> 0 | K22: CONTRACT#
A23: 13 | B23: INTEREST | D23: =OCT!D23 -> 0 | E23: =SUM(F23)+OCT!E23 -> 0 | K23: =+C10
A24: 14 | B24: INSURANCE | D24: =OCT!D24 -> 0 | E24: =SUM(F24)+OCT!E24 -> 0
A25: 16 | B25: SPECIFIC ASSISTANCE TO INDIVIDUALS | D25: =OCT!D25 -> 0 | E25: =SUM(F25)+OCT!E25 -> 0 | K25: PROGRAM #
A26: 17 | B26: DEPRECIATION | D26: =OCT!D26 -> 0 | E26: =SUM(F26)+OCT!E26 -> 0 | K26: =+B16
A27: 18 | B27: OTHER NONPERSONNEL EXPENSES | D27: =OCT!D27 -> 0 | E27: =SUM(F27)+OCT!E27 -> 0
A28: 20 | B28: CAPITAL PURCHASE | D28: =OCT!D28 -> 0 | E28: =SUM(F28)+OCT!E28 -> 0 | K28: AMOUNT:
A29: 21 | B29: TOTAL DIRECT PROGRAM EXPENSES | D29: =SUM(D19:D28) -> 0 | E29: =SUM(E19:E28) -> 0 | F29: =SUM(F19:G28) -> 0 | K29: =F31 -> 0
A30: 22 | B30: INDIRECT COSTS / ADMINISTRATIVE EXPENSES | D30: =OCT!D30 -> 0 | E30: =ROUND(SUM(F30),2)+OCT!E30 -> 0
A31: 23 | B31: TOTAL DIRECT AND ADMINISTRATIVE EXPENSES | D31: =SUM(D29:D30) -> 0 | E31: =SUM(E29:E30) -> 0 | F31: =SUM(F29:G30) -> 0 | K31: TOTAL:
A32: 24 | B32: IN-KIND EXPENSES | D32: =OCT!D32 -> 0 | E32: =SUM(F32)+OCT!E32 -> 0 | K32: $
A33: 25 | B33: TOTAL EXPENSES | D33: =SUM(D31:D32) -> 0 | E33: =SUM(E31:E32) -> 0 | F33: =SUM(F31:G32) -> 0
A34: I Certify, to the Best of my Knowledge and Belief, the data above is correct and all expenditures were made in accordance with the contract conditions and payment is due and has not been previously requested. | G34: TDMHSAS SECTION ONLY
A36: (REQUIRED) GRANTEE'S AUTHORIZED SIGNATURE: | G36: APPROVED BY:____________________________DATE___________________
A37: NAME TITLE | G37: If not approved for payment – please state reason: ___________________________
G38: ___________________________________________________________________
A39: DATE | C39: Additional Comments if needed | G39: DISAPPROVED BY:____________________________ DATE:____________PROGRAM DIRECTOR
A40: TIMELY FILED, ERROR FREE INVOICES SPEED UP PAYMENT PROCESSING AND ARE APPRECIATED. | K40: =+JUL!K40 -> Form Date: 7/30/23

Sheet DEC
B1: STATE OF TENNESSEE | K1: =+JUL!K1 -> FY - 2024
B2: DEPARTMENT OF MENTAL HEALTH AND SUBSTANCE ABUSE SERVICES
B3: INVOICE FOR REIMBURSEMENT
A6: (EDISON) NAME OF GRANTEE : | C6: =IF(NOV!C6="","",NOV!C6) | F6: GRANTEE REFERENCE #:
A7: (EDISON) REMITTANCE ADDRESS: | C7: =IF(NOV!C7="","",NOV!C7) | F7: MONTHLY INVOICE ENDING DATE: | J7: =+Sheet1!G11 -> 45291
C8: =IF(NOV!C8="","",NOV!C8) | F8: INVOICE PERIOD COVERED: | J8: =+Sheet1!L11 -> 12/01/2023 thru 12/31/2023
A9: (EDISON) VENDOR NUMBER: | C9: =IF(NOV!C9="","",NOV!C9) | F9: INVOICE PREPARER NAME: | J9: =IF(NOV!J9="","",NOV!J9)
A10: (EDISON) CONTRACT # | C10: =IF(NOV!C10="","",NOV!C10) | F10: TELEPHONE #: | J10: =IF(NOV!J10="","",NOV!J10)
A11: CONTRACT PERIOD: | C11: =IF(NOV!C11="","",NOV!C11) | F11: E-MAIL: | J11: =IF(NOV!J11="","",NOV!J11)
A14: THIS FORM IS DESIGNED TO BE USED FOR ONE PROGRAM, IF YOU HAVE SEVERAL PROGRAMS, YOU MUST COMPLETE A FORM FOR EACH PROGRAM.
A16: PROGRAM CODE: | B16: =IF(NOV!B16="","",NOV!B16) | D16: CONTRACT BUDGETED AMOUNT | E16: YEAR-TO-DATE EXPENDITURES BILLED TO TDMHSAS | F16: THIS MONTH’S TDMHSAS EXPENDITURES | I16: AMOUNT DUE | K16: TDMHSAS USE ONLY
A17: PROGRAM NAME: | B17: =IF(NOV!B17="","",NOV!B17)
A18: CONTRACT BUDGET: | B18: =IF(NOV!B18="","",NOV!B18)
A19: 1 & 2 | B19: SALARIES, BENEFITS & TAXES | D19: =NOV!D19 -> 0 | E19: =SUM(F19)+NOV!E19 -> 0 | H19: =SUM(F31) -> 0 | K19: P.O. #:
A20: 4, 15 | B20: PROFESSIONAL FEES/GRANTS AND AWARDS | D20: =NOV!D20 -> 0 | E20: =SUM(F20)+NOV!E20 -> 0 | H20: Reconciliation Explanation | I20: Please use the below space for any comments about your monthly expenses (for example: you are including a true-up or you are including a refund due to the state).
A21: 5, 6, 7, 8,9 & 10 | B21: SUPPLIES, TELEPHONE, POSTAGE, OCCUPANCY EQUIPMENT RENTAL & PRINTING | D21: =NOV!D21 -> 0 | E21: =SUM(F21)+NOV!E21 -> 0
A22: 11 & 12 | B22: TRAVEL, CONFERENCES & MEETINGS | D22: =NOV!D22 -> 0 | E22: =SUM(F22)+NOV!E22 -> 0 | K22: CONTRACT#
A23: 13 | B23: INTEREST | D23: =NOV!D23 -> 0 | E23: =SUM(F23)+NOV!E23 -> 0 | K23: =+C10
A24: 14 | B24: INSURANCE | D24: =NOV!D24 -> 0 | E24: =SUM(F24)+NOV!E24 -> 0
A25: 16 | B25: SPECIFIC ASSISTANCE TO INDIVIDUALS | D25: =NOV!D25 -> 0 | E25: =SUM(F25)+NOV!E25 -> 0 | K25: PROGRAM #
A26: 17 | B26: DEPRECIATION | D26: =NOV!D26 -> 0 | E26: =SUM(F26)+NOV!E26 -> 0 | K26: =+B16
A27: 18 | B27: OTHER NONPERSONNEL EXPENSES | D27: =NOV!D27 -> 0 | E27: =SUM(F27)+NOV!E27 -> 0
A28: 20 | B28: CAPITAL PURCHASE | D28: =NOV!D28 -> 0 | E28: =SUM(F28)+NOV!E28 -> 0 | K28: AMOUNT:
A29: 21 | B29: TOTAL DIRECT PROGRAM EXPENSES | D29: =SUM(D19:D28) -> 0 | E29: =SUM(E19:E28) -> 0 | F29: =SUM(F19:G28) -> 0 | K29: =F31 -> 0
A30: 22 | B30: INDIRECT COSTS / ADMINISTRATIVE EXPENSES | D30: =NOV!D30 -> 0 | E30: =ROUND(SUM(F30),2)+NOV!E30 -> 0
A31: 23 | B31: TOTAL DIRECT AND ADMINISTRATIVE EXPENSES | D31: =SUM(D29:D30) -> 0 | E31: =SUM(E29:E30) -> 0 | F31: =SUM(F29:G30) -> 0 | K31: TOTAL:
A32: 24 | B32: IN-KIND EXPENSES | D32: =NOV!D32 -> 0 | E32: =SUM(F32)+NOV!E32 -> 0 | K32: $
A33: 25 | B33: TOTAL EXPENSES | D33: =SUM(D31:D32) -> 0 | E33: =SUM(E31:E32) -> 0 | F33: =SUM(F31:G32) -> 0
A34: I Certify, to the Best of my Knowledge and Belief, the data above is correct and all expenditures were made in accordance with the contract conditions and payment is due and has not been previously requested. | G34: TDMHSAS SECTION ONLY
A36: (REQUIRED) GRANTEE'S AUTHORIZED SIGNATURE: | G36: APPROVED BY:____________________________DATE___________________
A37: NAME TITLE | G37: If not approved for payment – please state reason: ___________________________
G38: ___________________________________________________________________
A39: DATE | C39: Additional Comments if needed | G39: DISAPPROVED BY:____________________________ DATE:____________PROGRAM DIRECTOR
A40: TIMELY FILED, ERROR FREE INVOICES SPEED UP PAYMENT PROCESSING AND ARE APPRECIATED. | K40: =+JUL!K40 -> Form Date: 7/30/23

Sheet JAN
B1: STATE OF TENNESSEE | K1: =+JUL!K1 -> FY - 2024
B2: DEPARTMENT OF MENTAL HEALTH AND SUBSTANCE ABUSE SERVICES
B3: INVOICE FOR REIMBURSEMENT
A6: (EDISON) NAME OF GRANTEE : | C6: =IF(DEC!C6="","",DEC!C6) | F6: GRANTEE REFERENCE #:
A7: (EDISON) REMITTANCE ADDRESS: | C7: =IF(DEC!C7="","",DEC!C7) | F7: MONTHLY INVOICE ENDING DATE: | J7: =+Sheet1!G12 -> 45322
C8: =IF(DEC!C8="","",DEC!C8) | F8: INVOICE PERIOD COVERED: | J8: =+Sheet1!L12 -> 01/01/2024 thru 01/31/2024
A9: (EDISON) VENDOR NUMBER: | C9: =IF(DEC!C9="","",DEC!C9) | F9: INVOICE PREPARER NAME: | J9: =IF(DEC!J9="","",DEC!J9)
A10: (EDISON) CONTRACT # | C10: =IF(DEC!C10="","",DEC!C10) | F10: TELEPHONE #: | J10: =IF(DEC!J10="","",DEC!J10)
A11: CONTRACT PERIOD: | C11: =IF(DEC!C11="","",DEC!C11) | F11: E-MAIL: | J11: =IF(DEC!J11="","",DEC!J11)
A14: THIS FORM IS DESIGNED TO BE USED FOR ONE PROGRAM, IF YOU HAVE SEVERAL PROGRAMS, YOU MUST COMPLETE A FORM FOR EACH PROGRAM.
A16: PROGRAM CODE: | B16: =IF(DEC!B16="","",DEC!B16) | D16: CONTRACT BUDGETED AMOUNT | E16: YEAR-TO-DATE EXPENDITURES BILLED TO TDMHSAS | F16: THIS MONTH’S TDMHSAS EXPENDITURES | I16: AMOUNT DUE | K16: TDMHSAS USE ONLY
A17: PROGRAM NAME: | B17: =IF(DEC!B17="","",DEC!B17)
A18: CONTRACT BUDGET: | B18: =IF(DEC!B18="","",DEC!B18)
A19: 1 & 2 | B19: SALARIES, BENEFITS & TAXES | D19: =DEC!D19 -> 0 | E19: =SUM(F19)+DEC!E19 -> 0 | H19: =SUM(F31) -> 0 | K19: P.O. #:
A20: 4, 15 | B20: PROFESSIONAL FEES/GRANTS AND AWARDS | D20: =DEC!D20 -> 0 | E20: =SUM(F20)+DEC!E20 -> 0 | I20: Please use the below space for any comments about your monthly expenses (for example: you are including a true-up or you are including a refund due to the state).
A21: 5, 6, 7, 8,9 & 10 | B21: SUPPLIES, TELEPHONE, POSTAGE, OCCUPANCY EQUIPMENT RENTAL & PRINTING | D21: =DEC!D21 -> 0 | E21: =SUM(F21)+DEC!E21 -> 0
A22: 11 & 12 | B22: TRAVEL, CONFERENCES & MEETINGS | D22: =DEC!D22 -> 0 | E22: =SUM(F22)+DEC!E22 -> 0 | K22: CONTRACT#
A23: 13 | B23: INTEREST | D23: =DEC!D23 -> 0 | E23: =SUM(F23)+DEC!E23 -> 0 | K23: =+C10
A24: 14 | B24: INSURANCE | D24: =DEC!D24 -> 0 | E24: =SUM(F24)+DEC!E24 -> 0
A25: 16 | B25: SPECIFIC ASSISTANCE TO INDIVIDUALS | D25: =DEC!D25 -> 0 | E25: =SUM(F25)+DEC!E25 -> 0 | K25: PROGRAM #
A26: 17 | B26: DEPRECIATION | D26: =DEC!D26 -> 0 | E26: =SUM(F26)+DEC!E26 -> 0 | K26: =+B16
A27: 18 | B27: OTHER NONPERSONNEL EXPENSES | D27: =DEC!D27 -> 0 | E27: =SUM(F27)+DEC!E27 -> 0
A28: 20 | B28: CAPITAL PURCHASE | D28: =DEC!D28 -> 0 | E28: =SUM(F28)+DEC!E28 -> 0 | K28: AMOUNT:
A29: 21 | B29: TOTAL DIRECT PROGRAM EXPENSES | D29: =SUM(D19:D28) -> 0 | E29: =SUM(E19:E28) -> 0 | F29: =SUM(F19:G28) -> 0 | K29: =F31 -> 0
A30: 22 | B30: INDIRECT COSTS / ADMINISTRATIVE EXPENSES | D30: =DEC!D30 -> 0 | E30: =ROUND(SUM(F30),2)+DEC!E30 -> 0
A31: 23 | B31: TOTAL DIRECT AND ADMINISTRATIVE EXPENSES | D31: =SUM(D29:D30) -> 0 | E31: =SUM(E29:E30) -> 0 | F31: =SUM(F29:G30) -> 0 | K31: TOTAL:
A32: 24 | B32: IN-KIND EXPENSES | D32: =DEC!D32 -> 0 | E32: =SUM(F32)+DEC!E32 -> 0 | K32: $
A33: 25 | B33: TOTAL EXPENSES | D33: =SUM(D31:D32) -> 0 | E33: =SUM(E31:E32) -> 0 | F33: =SUM(F31:G32) -> 0
A34: I Certify, to the Best of my Knowledge and Belief, the data above is correct and all expenditures were made in accordance with the contract conditions and payment is due and has not been previously requested. | G34: TDMHSAS SECTION ONLY
A36: (REQUIRED) GRANTEE'S AUTHORIZED SIGNATURE: | G36: APPROVED BY:____________________________DATE___________________
A37: NAME TITLE | G37: If not approved for payment – please state reason: ___________________________
G38: ___________________________________________________________________
A39: DATE | C39: Additional Comments if needed | G39: DISAPPROVED BY:____________________________ DATE:____________PROGRAM DIRECTOR
A40: TIMELY FILED, ERROR FREE INVOICES SPEED UP PAYMENT PROCESSING AND ARE APPRECIATED. | K40: =+JUL!K40 -> Form Date: 7/30/23

Sheet FEB
B1: STATE OF TENNESSEE | K1: =+JUL!K1 -> FY - 2024
B2: DEPARTMENT OF MENTAL HEALTH AND SUBSTANCE ABUSE SERVICES
B3: INVOICE FOR REIMBURSEMENT
A6: (EDISON) NAME OF GRANTEE : | C6: =IF(JAN!C6="","",JAN!C6) | F6: GRANTEE REFERENCE #:
A7: (EDISON) REMITTANCE ADDRESS: | C7: =IF(JAN!C7="","",JAN!C7) | F7: MONTHLY INVOICE ENDING DATE: | J7: =+Sheet1!G13 -> 45351
C8: =IF(JAN!C8="","",JAN!C8) | F8: INVOICE PERIOD COVERED: | J8: =+Sheet1!L13 -> 02/01/2024 thru 02/29/2024
A9: (EDISON) VENDOR NUMBER: | C9: =IF(JAN!C9="","",JAN!C9) | F9: INVOICE PREPARER NAME: | J9: =IF(JAN!J9="","",JAN!J9)
A10: (EDISON) CONTRACT # | C10: =IF(JAN!C10="","",JAN!C10) | F10: TELEPHONE #: | J10: =IF(JAN!J10="","",JAN!J10)
A11: CONTRACT PERIOD: | C11: =IF(JAN!C11="","",JAN!C11) | F11: E-MAIL: | J11: =IF(JAN!J11="","",JAN!J11)
A14: THIS FORM IS DESIGNED TO BE USED FOR ONE PROGRAM, IF YOU HAVE SEVERAL PROGRAMS, YOU MUST COMPLETE A FORM FOR EACH PROGRAM.
A16: PROGRAM CODE: | B16: =IF(JAN!B16="","",JAN!B16) | D16: CONTRACT BUDGETED AMOUNT | E16: YEAR-TO-DATE EXPENDITURES BILLED TO TDMHSAS | F16: THIS MONTH’S TDMHSAS EXPENDITURES | I16: AMOUNT DUE | K16: TDMHSAS USE ONLY
A17: PROGRAM NAME: | B17: =IF(JAN!B17="","",JAN!B17)
A18: CONTRACT BUDGET: | B18: =IF(JAN!B18="","",JAN!B18)
A19: 1 & 2 | B19: SALARIES, BENEFITS & TAXES | D19: =JAN!D19 -> 0 | E19: =SUM(F19)+JAN!E19 -> 0 | H19: =SUM(F31) -> 0 | K19: P.O. #:
A20: 4, 15 | B20: PROFESSIONAL FEES/GRANTS AND AWARDS | D20: =JAN!D20 -> 0 | E20: =SUM(F20)+JAN!E20 -> 0 | H20: Reconciliation Explanation | I20: Please use the below space for any comments about your monthly expenses (for example: you are including a true-up or you are including a refund due to the state).
A21: 5, 6, 7, 8,9 & 10 | B21: SUPPLIES, TELEPHONE, POSTAGE, OCCUPANCY EQUIPMENT RENTAL & PRINTING | D21: =JAN!D21 -> 0 | E21: =SUM(F21)+JAN!E21 -> 0
A22: 11 & 12 | B22: TRAVEL, CONFERENCES & MEETINGS | D22: =JAN!D22 -> 0 | E22: =SUM(F22)+JAN!E22 -> 0 | K22: CONTRACT#
A23: 13 | B23: INTEREST | D23: =JAN!D23 -> 0 | E23: =SUM(F23)+JAN!E23 -> 0 | K23: =+C10
A24: 14 | B24: INSURANCE | D24: =JAN!D24 -> 0 | E24: =SUM(F24)+JAN!E24 -> 0
A25: 16 | B25: SPECIFIC ASSISTANCE TO INDIVIDUALS | D25: =JAN!D25 -> 0 | E25: =SUM(F25)+JAN!E25 -> 0 | K25: PROGRAM #
A26: 17 | B26: DEPRECIATION | D26: =JAN!D26 -> 0 | E26: =SUM(F26)+JAN!E26 -> 0 | K26: =+B16
A27: 18 | B27: OTHER NONPERSONNEL EXPENSES | D27: =JAN!D27 -> 0 | E27: =SUM(F27)+JAN!E27 -> 0
A28: 20 | B28: CAPITAL PURCHASE | D28: =JAN!D28 -> 0 | E28: =SUM(F28)+JAN!E28 -> 0 | K28: AMOUNT:
A29: 21 | B29: TOTAL DIRECT PROGRAM EXPENSES | D29: =SUM(D19:D28) -> 0 | E29: =SUM(E19:E28) -> 0 | F29: =SUM(F19:G28) -> 0 | K29: =F31 -> 0
A30: 22 | B30: INDIRECT COSTS / ADMINISTRATIVE EXPENSES | D30: =JAN!D30 -> 0 | E30: =ROUND(SUM(F30),2)+JAN!E30 -> 0
A31: 23 | B31: TOTAL DIRECT AND ADMINISTRATIVE EXPENSES | D31: =SUM(D29:D30) -> 0 | E31: =SUM(E29:E30) -> 0 | F31: =SUM(F29:G30) -> 0 | K31: TOTAL:
A32: 24 | B32: IN-KIND EXPENSES | D32: =JAN!D32 -> 0 | E32: =SUM(F32)+JAN!E32 -> 0 | K32: $
A33: 25 | B33: TOTAL EXPENSES | D33: =SUM(D31:D32) -> 0 | E33: =SUM(E31:E32) -> 0 | F33: =SUM(F31:G32) -> 0
A34: I Certify, to the Best of my Knowledge and Belief, the data above is correct and all expenditures were made in accordance with the contract conditions and payment is due and has not been previously requested. | G34: TDMHSAS SECTION ONLY
A36: (REQUIRED) GRANTEE'S AUTHORIZED SIGNATURE: | G36: APPROVED BY:____________________________DATE___________________
A37: NAME TITLE | G37: If not approved for payment – please state reason: ___________________________
G38: ___________________________________________________________________
A39: DATE | C39: Additional Comments if needed | G39: DISAPPROVED BY:____________________________ DATE:____________PROGRAM DIRECTOR
A40: TIMELY FILED, ERROR FREE INVOICES SPEED UP PAYMENT PROCESSING AND ARE APPRECIATED. | K40: =+JUL!K40 -> Form Date: 7/30/23

Sheet MAR
B1: STATE OF TENNESSEE | K1: =+JUL!K1 -> FY - 2024
B2: DEPARTMENT OF MENTAL HEALTH AND SUBSTANCE ABUSE SERVICES
B3: INVOICE FOR REIMBURSEMENT
A6: (EDISON) NAME OF GRANTEE : | C6: =IF(FEB!C6="","",FEB!C6) | F6: GRANTEE REFERENCE #:
A7: (EDISON) REMITTANCE ADDRESS: | C7: =IF(FEB!C7="","",FEB!C7) | F7: MONTHLY INVOICE ENDING DATE: | J7: =+Sheet1!G14 -> 45382
C8: =IF(FEB!C8="","",FEB!C8) | F8: INVOICE PERIOD COVERED: | J8: =+Sheet1!L14 -> 03/01/2024 thru 03/31/2024
A9: (EDISON) VENDOR NUMBER: | C9: =IF(FEB!C9="","",FEB!C9) | F9: INVOICE PREPARER NAME: | J9: =IF(FEB!J9="","",FEB!J9)
A10: (EDISON) CONTRACT # | C10: =IF(FEB!C10="","",FEB!C10) | F10: TELEPHONE #: | J10: =IF(FEB!J10="","",FEB!J10)
A11: CONTRACT PERIOD: | C11: =IF(FEB!C11="","",FEB!C11) | F11: E-MAIL: | J11: =IF(FEB!J11="","",FEB!J11)
A14: THIS FORM IS DESIGNED TO BE USED FOR ONE PROGRAM, IF YOU HAVE SEVERAL PROGRAMS, YOU MUST COMPLETE A FORM FOR EACH PROGRAM.
A16: PROGRAM CODE: | B16: =IF(FEB!B16="","",FEB!B16) | D16: CONTRACT BUDGETED AMOUNT | E16: YEAR-TO-DATE EXPENDITURES BILLED TO TDMHSAS | F16: THIS MONTH’S TDMHSAS EXPENDITURES | I16: AMOUNT DUE | K16: TDMHSAS USE ONLY
A17: PROGRAM NAME: | B17: =IF(FEB!B17="","",FEB!B17)
A18: CONTRACT BUDGET: | B18: =IF(FEB!B18="","",FEB!B18)
A19: 1 & 2 | B19: SALARIES, BENEFITS & TAXES | D19: =FEB!D19 -> 0 | E19: =SUM(F19)+FEB!E19 -> 0 | H19: =SUM(F31) -> 0 | K19: P.O. #:
A20: 4, 15 | B20: PROFESSIONAL FEES/GRANTS AND AWARDS | D20: =FEB!D20 -> 0 | E20: =SUM(F20)+FEB!E20 -> 0 | H20: Reconciliation Explanation | I20: Please use the below space for any comments about your monthly expenses (for example: you are including a true-up or you are including a refund due to the state).
A21: 5, 6, 7, 8,9 & 10 | B21: SUPPLIES, TELEPHONE, POSTAGE, OCCUPANCY EQUIPMENT RENTAL & PRINTING | D21: =FEB!D21 -> 0 | E21: =SUM(F21)+FEB!E21 -> 0
A22: 11 & 12 | B22: TRAVEL, CONFERENCES & MEETINGS | D22: =FEB!D22 -> 0 | E22: =SUM(F22)+FEB!E22 -> 0 | K22: CONTRACT#
A23: 13 | B23: INTEREST | D23: =FEB!D23 -> 0 | E23: =SUM(F23)+FEB!E23 -> 0 | K23: =+C10
A24: 14 | B24: INSURANCE | D24: =FEB!D24 -> 0 | E24: =SUM(F24)+FEB!E24 -> 0
A25: 16 | B25: SPECIFIC ASSISTANCE TO INDIVIDUALS | D25: =FEB!D25 -> 0 | E25: =SUM(F25)+FEB!E25 -> 0 | K25: PROGRAM #
A26: 17 | B26: DEPRECIATION | D26: =FEB!D26 -> 0 | E26: =SUM(F26)+FEB!E26 -> 0 | K26: =+B16
A27: 18 | B27: OTHER NONPERSONNEL EXPENSES | D27: =FEB!D27 -> 0 | E27: =SUM(F27)+FEB!E27 -> 0
A28: 20 | B28: CAPITAL PURCHASE | D28: =FEB!D28 -> 0 | E28: =SUM(F28)+FEB!E28 -> 0 | K28: AMOUNT:
A29: 21 | B29: TOTAL DIRECT PROGRAM EXPENSES | D29: =SUM(D19:D28) -> 0 | E29: =SUM(E19:E28) -> 0 | F29: =SUM(F19:G28) -> 0 | K29: =F31 -> 0
A30: 22 | B30: INDIRECT COSTS / ADMINISTRATIVE EXPENSES | D30: =FEB!D30 -> 0 | E30: =ROUND(SUM(F30),2)+FEB!E30 -> 0
A31: 23 | B31: TOTAL DIRECT AND ADMINISTRATIVE EXPENSES | D31: =SUM(D29:D30) -> 0 | E31: =SUM(E29:E30) -> 0 | F31: =SUM(F29:G30) -> 0 | K31: TOTAL:
A32: 24 | B32: IN-KIND EXPENSES | D32: =FEB!D32 -> 0 | E32: =SUM(F32)+FEB!E32 -> 0 | K32: $
A33: 25 | B33: TOTAL EXPENSES | D33: =SUM(D31:D32) -> 0 | E33: =SUM(E31:E32) -> 0 | F33: =SUM(F31:G32) -> 0
A34: I Certify, to the Best of my Knowledge and Belief, the data above is correct and all expenditures were made in accordance with the contract conditions and payment is due and has not been previously requested. | G34: TDMHSAS SECTION ONLY
A36: (REQUIRED) GRANTEE'S AUTHORIZED SIGNATURE: | G36: APPROVED BY:____________________________DATE___________________
A37: NAME TITLE | G37: If not approved for payment – please state reason: ___________________________
G38: ___________________________________________________________________
A39: DATE | C39: Additional Comments if needed | G39: DISAPPROVED BY:____________________________ DATE:____________PROGRAM DIRECTOR
A40: TIMELY FILED, ERROR FREE INVOICES SPEED UP PAYMENT PROCESSING AND ARE APPRECIATED. | K40: =+JUL!K40 -> Form Date: 7/30/23

Sheet APR
B1: STATE OF TENNESSEE | K1: =+JUL!K1 -> FY - 2024
B2: DEPARTMENT OF MENTAL HEALTH AND SUBSTANCE ABUSE SERVICES
B3: INVOICE FOR REIMBURSEMENT
A6: (EDISON) NAME OF GRANTEE : | C6: =IF(MAR!C6="","",MAR!C6) | F6: GRANTEE REFERENCE #:
A7: (EDISON) REMITTANCE ADDRESS: | C7: =IF(MAR!C7="","",MAR!C7) | F7: MONTHLY INVOICE ENDING DATE: | J7: =+Sheet1!G15 -> 45412
C8: =IF(MAR!C8="","",MAR!C8) | F8: INVOICE PERIOD COVERED: | J8: =+Sheet1!L15 -> 04/01/2024 thru 04/30/2024
A9: (EDISON) VENDOR NUMBER: | C9: =IF(MAR!C9="","",MAR!C9) | F9: INVOICE PREPARER NAME: | J9: =IF(MAR!J9="","",MAR!J9)
A10: (EDISON) CONTRACT # | C10: =IF(MAR!C10="","",MAR!C10) | F10: TELEPHONE #: | J10: =IF(MAR!J10="","",MAR!J10)
A11: CONTRACT PERIOD: | C11: =IF(MAR!C11="","",MAR!C11) | F11: E-MAIL: | J11: =IF(MAR!J11="","",MAR!J11)
A14: THIS FORM IS DESIGNED TO BE USED FOR ONE PROGRAM, IF YOU HAVE SEVERAL PROGRAMS, YOU MUST COMPLETE A FORM FOR EACH PROGRAM.
A16: PROGRAM CODE: | B16: =IF(MAR!B16="","",MAR!B16) | D16: CONTRACT BUDGETED AMOUNT | E16: YEAR-TO-DATE EXPENDITURES BILLED TO TDMHSAS | F16: THIS MONTH’S TDMHSAS EXPENDITURES | I16: AMOUNT DUE | K16: TDMHSAS USE ONLY
A17: PROGRAM NAME: | B17: =IF(MAR!B17="","",MAR!B17)
A18: CONTRACT BUDGET: | B18: =IF(MAR!B18="","",MAR!B18)
A19: 1 & 2 | B19: SALARIES, BENEFITS & TAXES | D19: =MAR!D19 -> 0 | E19: =SUM(F19)+MAR!E19 -> 0 | H19: =SUM(F31) -> 0 | K19: P.O. #:
A20: 4, 15 | B20: PROFESSIONAL FEES/GRANTS AND AWARDS | D20: =MAR!D20 -> 0 | E20: =SUM(F20)+MAR!E20 -> 0 | H20: Reconciliation Explanation | I20: Please use the below space for any comments about your monthly expenses (for example: you are including a true-up or you are including a refund due to the state).
A21: 5, 6, 7, 8,9 & 10 | B21: SUPPLIES, TELEPHONE, POSTAGE, OCCUPANCY EQUIPMENT RENTAL & PRINTING | D21: =MAR!D21 -> 0 | E21: =SUM(F21)+MAR!E21 -> 0
A22: 11 & 12 | B22: TRAVEL, CONFERENCES & MEETINGS | D22: =MAR!D22 -> 0 | E22: =SUM(F22)+MAR!E22 -> 0 | K22: CONTRACT#
A23: 13 | B23: INTEREST | D23: =MAR!D23 -> 0 | E23: =SUM(F23)+MAR!E23 -> 0 | K23: =+C10
A24: 14 | B24: INSURANCE | D24: =MAR!D24 -> 0 | E24: =SUM(F24)+MAR!E24 -> 0
A25: 16 | B25: SPECIFIC ASSISTANCE TO INDIVIDUALS | D25: =MAR!D25 -> 0 | E25: =SUM(F25)+MAR!E25 -> 0 | K25: PROGRAM #
A26: 17 | B26: DEPRECIATION | D26: =MAR!D26 -> 0 | E26: =SUM(F26)+MAR!E26 -> 0 | K26: =+B16
A27: 18 | B27: OTHER NONPERSONNEL EXPENSES | D27: =MAR!D27 -> 0 | E27: =SUM(F27)+MAR!E27 -> 0
A28: 20 | B28: CAPITAL PURCHASE | D28: =MAR!D28 -> 0 | E28: =SUM(F28)+MAR!E28 -> 0 | K28: AMOUNT:
A29: 21 | B29: TOTAL DIRECT PROGRAM EXPENSES | D29: =SUM(D19:D28) -> 0 | E29: =SUM(E19:E28) -> 0 | F29: =SUM(F19:G28) -> 0 | K29: =F31 -> 0
A30: 22 | B30: INDIRECT COSTS / ADMINISTRATIVE EXPENSES | D30: =MAR!D30 -> 0 | E30: =ROUND(SUM(F30),2)+MAR!E30 -> 0
A31: 23 | B31: TOTAL DIRECT AND ADMINISTRATIVE EXPENSES | D31: =SUM(D29:D30) -> 0 | E31: =SUM(E29:E30) -> 0 | F31: =SUM(F29:G30) -> 0 | K31: TOTAL:
A32: 24 | B32: IN-KIND EXPENSES | D32: =MAR!D32 -> 0 | E32: =SUM(F32)+MAR!E32 -> 0 | K32: $
A33: 25 | B33: TOTAL EXPENSES | D33: =SUM(D31:D32) -> 0 | E33: =SUM(E31:E32) -> 0 | F33: =SUM(F31:G32) -> 0
A34: I Certify, to the Best of my Knowledge and Belief, the data above is correct and all expenditures were made in accordance with the contract conditions and payment is due and has not been previously requested. | G34: TDMHSAS SECTION ONLY
A36: (REQUIRED) GRANTEE'S AUTHORIZED SIGNATURE: | G36: APPROVED BY:____________________________DATE___________________
A37: NAME TITLE | G37: If not approved for payment – please state reason: ___________________________
A38: mark | G38: ___________________________________________________________________
A39: DATE | C39: Additional Comments if needed | G39: DISAPPROVED BY:____________________________ DATE:____________PROGRAM DIRECTOR
A40: TIMELY FILED, ERROR FREE INVOICES SPEED UP PAYMENT PROCESSING AND ARE APPRECIATED. | K40: =+JUL!K40 -> Form Date: 7/30/23

Sheet MAY
B1: STATE OF TENNESSEE | K1: =+JUL!K1 -> FY - 2024
B2: DEPARTMENT OF MENTAL HEALTH AND SUBSTANCE ABUSE SERVICES
B3: INVOICE FOR REIMBURSEMENT
A6: (EDISON) NAME OF GRANTEE : | C6: =IF(APR!C6="","",APR!C6) | F6: GRANTEE REFERENCE #:
A7: (EDISON) REMITTANCE ADDRESS: | C7: =IF(APR!C7="","",APR!C7) | F7: MONTHLY INVOICE ENDING DATE: | J7: =+Sheet1!G16 -> 45443
C8: =IF(APR!C8="","",APR!C8) | F8: INVOICE PERIOD COVERED: | J8: =+Sheet1!L16 -> 05/01/2024 thru 05/31/2024
A9: (EDISON) VENDOR NUMBER: | C9: =IF(APR!C9="","",APR!C9) | F9: INVOICE PREPARER NAME: | J9: =IF(APR!J9="","",APR!J9)
A10: (EDISON) CONTRACT # | C10: =IF(APR!C10="","",APR!C10) | F10: TELEPHONE #: | J10: =IF(APR!J10="","",APR!J10)
A11: CONTRACT PERIOD: | C11: =IF(APR!C11="","",APR!C11) | F11: E-MAIL: | J11: =IF(APR!J11="","",APR!J11)
A14: THIS FORM IS DESIGNED TO BE USED FOR ONE PROGRAM, IF YOU HAVE SEVERAL PROGRAMS, YOU MUST COMPLETE A FORM FOR EACH PROGRAM.
A16: PROGRAM CODE: | B16: =IF(APR!B16="","",APR!B16) | D16: CONTRACT BUDGETED AMOUNT | E16: YEAR-TO-DATE EXPENDITURES BILLED TO TDMHSAS | F16: THIS MONTH’S TDMHSAS EXPENDITURES | I16: AMOUNT DUE | K16: TDMHSAS USE ONLY
A17: PROGRAM NAME: | B17: =IF(APR!B17="","",APR!B17)
A18: CONTRACT BUDGET: | B18: =IF(APR!B18="","",APR!B18)
A19: 1 & 2 | B19: SALARIES, BENEFITS & TAXES | D19: =APR!D19 -> 0 | E19: =SUM(F19)+APR!E19 -> 0 | H19: =SUM(F31) -> 0 | K19: P.O. #:
A20: 4, 15 | B20: PROFESSIONAL FEES/GRANTS AND AWARDS | D20: =APR!D20 -> 0 | E20: =SUM(F20)+APR!E20 -> 0 | H20: Reconciliation Explanation | I20: Please use the below space for any comments about your monthly expenses (for example: you are including a true-up or you are including a refund due to the state).
A21: 5, 6, 7, 8,9 & 10 | B21: SUPPLIES, TELEPHONE, POSTAGE, OCCUPANCY EQUIPMENT RENTAL & PRINTING | D21: =APR!D21 -> 0 | E21: =SUM(F21)+APR!E21 -> 0
A22: 11 & 12 | B22: TRAVEL, CONFERENCES & MEETINGS | D22: =APR!D22 -> 0 | E22: =SUM(F22)+APR!E22 -> 0 | K22: CONTRACT#
A23: 13 | B23: INTEREST | D23: =APR!D23 -> 0 | E23: =SUM(F23)+APR!E23 -> 0 | K23: =+C10
A24: 14 | B24: INSURANCE | D24: =APR!D24 -> 0 | E24: =SUM(F24)+APR!E24 -> 0
A25: 16 | B25: SPECIFIC ASSISTANCE TO INDIVIDUALS | D25: =APR!D25 -> 0 | E25: =SUM(F25)+APR!E25 -> 0 | K25: PROGRAM #
A26: 17 | B26: DEPRECIATION | D26: =APR!D26 -> 0 | E26: =SUM(F26)+APR!E26 -> 0 | K26: =+B16
A27: 18 | B27: OTHER NONPERSONNEL EXPENSES | D27: =APR!D27 -> 0 | E27: =SUM(F27)+APR!E27 -> 0
A28: 20 | B28: CAPITAL PURCHASE | D28: =APR!D28 -> 0 | E28: =SUM(F28)+APR!E28 -> 0 | K28: AMOUNT:
A29: 21 | B29: TOTAL DIRECT PROGRAM EXPENSES | D29: =SUM(D19:D28) -> 0 | E29: =SUM(E19:E28) -> 0 | F29: =SUM(F19:G28) -> 0 | K29: =F31 -> 0
A30: 22 | B30: INDIRECT COSTS / ADMINISTRATIVE EXPENSES | D30: =APR!D30 -> 0 | E30: =ROUND(SUM(F30),2)+APR!E30 -> 0
A31: 23 | B31: TOTAL DIRECT AND ADMINISTRATIVE EXPENSES | D31: =SUM(D29:D30) -> 0 | E31: =SUM(E29:E30) -> 0 | F31: =SUM(F29:G30) -> 0 | K31: TOTAL:
A32: 24 | B32: IN-KIND EXPENSES | D32: =APR!D32 -> 0 | E32: =SUM(F32)+APR!E32 -> 0 | K32: $
A33: 25 | B33: TOTAL EXPENSES | D33: =SUM(D31:D32) -> 0 | E33: =SUM(E31:E32) -> 0 | F33: =SUM(F31:G32) -> 0
A34: I Certify, to the Best of my Knowledge and Belief, the data above is correct and all expenditures were made in accordance with the contract conditions and payment is due and has not been previously requested. | G34: TDMHSAS SECTION ONLY
A36: (REQUIRED) GRANTEE'S AUTHORIZED SIGNATURE: | G36: APPROVED BY:____________________________DATE___________________
A37: NAME TITLE | G37: If not approved for payment – please state reason: ___________________________
G38: ___________________________________________________________________
A39: DATE | C39: Additional Comments if needed | G39: DISAPPROVED BY:____________________________ DATE:____________PROGRAM DIRECTOR
A40: TIMELY FILED, ERROR FREE INVOICES SPEED UP PAYMENT PROCESSING AND ARE APPRECIATED. | K40: =+JUL!K40 -> Form Date: 7/30/23

Sheet JUNE
B1: STATE OF TENNESSEE | K1: =+JUL!K1 -> FY - 2024
B2: DEPARTMENT OF MENTAL HEALTH AND SUBSTANCE ABUSE SERVICES
B3: INVOICE FOR REIMBURSEMENT
A6: (EDISON) NAME OF GRANTEE : | C6: =IF(MAY!C6="","",MAY!C6) | F6: GRANTEE REFERENCE #:
A7: (EDISON) REMITTANCE ADDRESS: | C7: =IF(MAY!C7="","",MAY!C7) | F7: MONTHLY INVOICE ENDING DATE: | J7: =+Sheet1!G17 -> 45473
C8: =IF(MAY!C8="","",MAY!C8) | F8: INVOICE PERIOD COVERED: | J8: =+Sheet1!L17 -> 06/01/2024 thru 06/30/2024
A9: (EDISON) VENDOR NUMBER: | C9: =IF(MAY!C9="","",MAY!C9) | F9: INVOICE PREPARER NAME: | J9: =IF(MAY!J9="","",MAY!J9)
A10: (EDISON) CONTRACT # | C10: =IF(MAY!C10="","",MAY!C10) | F10: TELEPHONE #: | J10: =IF(MAY!J10="","",MAY!J10)
A11: CONTRACT PERIOD: | C11: =IF(MAY!C11="","",MAY!C11) | F11: E-MAIL: | J11: =IF(MAY!J11="","",MAY!J11)
A14: THIS FORM IS DESIGNED TO BE USED FOR ONE PROGRAM, IF YOU HAVE SEVERAL PROGRAMS, YOU MUST COMPLETE A FORM FOR EACH PROGRAM.
A16: PROGRAM CODE: | B16: =IF(MAY!B16="","",MAY!B16) | D16: CONTRACT BUDGETED AMOUNT | E16: YEAR-TO-DATE EXPENDITURES BILLED TO TDMHSAS | F16: THIS MONTH’S TDMHSAS EXPENDITURES | I16: AMOUNT DUE | K16: TDMHSAS USE ONLY
A17: PROGRAM NAME: | B17: =IF(MAY!B17="","",MAY!B17)
A18: CONTRACT BUDGET: | B18: =IF(MAY!B18="","",MAY!B18)
A19: 1 & 2 | B19: SALARIES, BENEFITS & TAXES | D19: =MAY!D19 -> 0 | E19: =SUM(F19)+MAY!E19 -> 0 | H19: =SUM(F31) -> 0 | K19: P.O. #:
A20: 4, 15 | B20: PROFESSIONAL FEES/GRANTS AND AWARDS | D20: =MAY!D20 -> 0 | E20: =SUM(F20)+MAY!E20 -> 0 | H20: Reconciliation Explanation | I20: Please use the below space for any comments about your monthly expenses (for example: you are including a true-up or you are including a refund due to the state).
A21: 5, 6, 7, 8,9 & 10 | B21: SUPPLIES, TELEPHONE, POSTAGE, OCCUPANCY EQUIPMENT RENTAL & PRINTING | D21: =MAY!D21 -> 0 | E21: =SUM(F21)+MAY!E21 -> 0
A22: 11 & 12 | B22: TRAVEL, CONFERENCES & MEETINGS | D22: =MAY!D22 -> 0 | E22: =SUM(F22)+MAY!E22 -> 0 | K22: CONTRACT#
A23: 13 | B23: INTEREST | D23: =MAY!D23 -> 0 | E23: =SUM(F23)+MAY!E23 -> 0 | K23: =+C10
A24: 14 | B24: INSURANCE | D24: =MAY!D24 -> 0 | E24: =SUM(F24)+MAY!E24 -> 0
A25: 16 | B25: SPECIFIC ASSISTANCE TO INDIVIDUALS | D25: =MAY!D25 -> 0 | E25: =SUM(F25)+MAY!E25 -> 0 | K25: PROGRAM #
A26: 17 | B26: DEPRECIATION | D26: =MAY!D26 -> 0 | E26: =SUM(F26)+MAY!E26 -> 0 | K26: =+B16
A27: 18 | B27: OTHER NONPERSONNEL EXPENSES | D27: =MAY!D27 -> 0 | E27: =SUM(F27)+MAY!E27 -> 0
A28: 20 | B28: CAPITAL PURCHASE | D28: =MAY!D28 -> 0 | E28: =SUM(F28)+MAY!E28 -> 0 | K28: AMOUNT:
A29: 21 | B29: TOTAL DIRECT PROGRAM EXPENSES | D29: =SUM(D19:D28) -> 0 | E29: =SUM(E19:E28) -> 0 | F29: =SUM(F19:G28) -> 0 | K29: =F31 -> 0
A30: 22 | B30: INDIRECT COSTS / ADMINISTRATIVE EXPENSES | D30: =MAY!D30 -> 0 | E30: =ROUND(SUM(F30),2)+MAY!E30 -> 0
A31: 23 | B31: TOTAL DIRECT AND ADMINISTRATIVE EXPENSES | D31: =SUM(D29:D30) -> 0 | E31: =SUM(E29:E30) -> 0 | F31: =SUM(F29:G30) -> 0 | K31: TOTAL:
A32: 24 | B32: IN-KIND EXPENSES | D32: =MAY!D32 -> 0 | E32: =SUM(F32)+MAY!E32 -> 0 | K32: $
A33: 25 | B33: TOTAL EXPENSES | D33: =SUM(D31:D32) -> 0 | E33: =SUM(E31:E32) -> 0 | F33: =SUM(F31:G32) -> 0
A34: I Certify, to the Best of my Knowledge and Belief, the data above is correct and all expenditures were made in accordance with the contract conditions and payment is due and has not been previously requested. | G34: TDMHSAS SECTION ONLY
A36: (REQUIRED) GRANTEE'S AUTHORIZED SIGNATURE: | G36: APPROVED BY:____________________________DATE___________________
A37: NAME TITLE | G37: If not approved for payment – please state reason: ___________________________
G38: ___________________________________________________________________
A39: DATE | C39: Additional Comments if needed | G39: DISAPPROVED BY:____________________________ DATE:____________PROGRAM DIRECTOR
A40: TIMELY FILED, ERROR FREE INVOICES SPEED UP PAYMENT PROCESSING AND ARE APPRECIATED. | K40: =+JUL!K40 -> Form Date: 7/30/23

Sheet 13
B1: STATE OF TENNESSEE | K1: FY - 2023
B2: DEPARTMENT OF MENTAL HEALTH AND SUBSTANCE ABUSE SERVICES
B3: INVOICE FOR REIMBURSEMENT
A6: (EDISON) NAME OF GRANTEE : | C6: =IF(JUNE!C6="","",JUNE!C6) | F6: (EDISON) FEDERAL PROJECT CODE: | J6: =IF(JUNE!#REF!="","",JUNE!#REF!) -> #REF!
A7: (EDISON) REMITTANCE ADDRESS: | C7: =IF(JUNE!C7="","",JUNE!C7) | F7: GRANTEE REFERENCE #:
C8: =IF(JUNE!C8="","",JUNE!C8) | F8: MONTHLY INVOICE ENDING DATE: | J8: =+Sheet1!G18 -> 45504
A9: (EDISON) VENDOR NUMBER: | C9: =IF(JUNE!C9="","",JUNE!C9) | F9: INVOICE PERIOD COVERED: | J9: =+Sheet1!L18 -> 07/01/2024 thru 07/31/2024
A10: (EDISON) CONTRACT # | C10: =IF(JUNE!C10="","",JUNE!C10) | F10: INVOICE PREPARER NAME: | J10: =IF(JUNE!J9="","",JUNE!J9)
A11: CONTRACT PERIOD: | C11: =IF(JUNE!C11="","",JUNE!C11) | F11: TELEPHONE #: | J11: =IF(JUNE!J10="","",JUNE!J10)
A12: (EDISON) ACCOUNT CODE: | C12: =IF(JUNE!#REF!="","",JUNE!#REF!) -> #REF! | F12: E-MAIL: | J12: =IF(JUNE!J11="","",JUNE!J11)
A15: THIS FORM IS DESIGNED TO BE USED FOR ONE PROGRAM, IF YOU HAVE SEVERAL PROGRAMS, YOU MUST COMPLETE A FORM FOR EACH PROGRAM.
A17: PROGRAM CODE: | B17: =IF(JUNE!B16="","",JUNE!B16) | D17: CONTRACT BUDGETED AMOUNT | E17: YEAR-TO-DATE EXPENDITURES BILLED TO TDMHSAS | F17: THIS MONTH’S TDMHSAS EXPENDITURES | I17: AMOUNT DUE | K17: TDMHSAS USE ONLY
A18: PROGRAM NAME: | B18: =IF(JUNE!B17="","",JUNE!B17)
A19: CONTRACT BUDGET: | B19: =IF(JUNE!B18="","",JUNE!B18)
A20: 1 & 2 | B20: SALARIES, BENEFITS & TAXES | D20: =JUNE!D19 -> 0 | E20: =SUM(F20)+JUNE!E19 -> 0 | H20: =SUM(F32) -> 0 | K20: P.O. #:
A21: 4, 15 | B21: PROFESSIONAL FEES/GRANTS AND AWARDS | D21: =JUNE!D20 -> 0 | E21: =SUM(F21)+JUNE!E20 -> 0 | H21: Reconciliation Explanation | I21: Refund or reconciliation comments in the space below:
A22: 5, 6, 7, 8,9 & 10 | B22: SUPPLIES, TELEPHONE, POSTAGE, OCCUPANCY EQUIPMENT RENTAL & PRINTING | D22: =JUNE!D21 -> 0 | E22: =SUM(F22)+JUNE!E21 -> 0
A23: 11 & 12 | B23: TRAVEL, CONFERENCES & MEETINGS | D23: =JUNE!D22 -> 0 | E23: =SUM(F23)+JUNE!E22 -> 0 | K23: CONTRACT#
A24: 13 | B24: INTEREST | D24: =JUNE!D23 -> 0 | E24: =SUM(F24)+JUNE!E23 -> 0 | K24: =+C10
A25: 14 | B25: INSURANCE | D25: =JUNE!D24 -> 0 | E25: =SUM(F25)+JUNE!E24 -> 0
A26: 16 | B26: SPECIFIC ASSISTANCE TO INDIVIDUALS | D26: =JUNE!D25 -> 0 | E26: =SUM(F26)+JUNE!E25 -> 0 | K26: PROGRAM #
A27: 17 | B27: DEPRECIATION | D27: =JUNE!D26 -> 0 | E27: =SUM(F27)+JUNE!E26 -> 0 | K27: =+B17
A28: 18 | B28: OTHER NONPERSONNEL EXPENSES | D28: =JUNE!D27 -> 0 | E28: =SUM(F28)+JUNE!E27 -> 0
A29: 20 | B29: CAPITAL PURCHASE | D29: =JUNE!D28 -> 0 | E29: =SUM(F29)+JUNE!E28 -> 0 | K29: AMOUNT:
A30: 21 | B30: TOTAL DIRECT PROGRAM EXPENSES | D30: =SUM(D20:D29) -> 0 | E30: =SUM(E20:E29) -> 0 | F30: =SUM(F20:G29) -> 0 | K30: =F32 -> 0
A31: 22 | B31: INDIRECT COSTS / ADMINISTRATIVE EXPENSES | D31: =JUNE!D30 -> 0 | E31: =ROUND(SUM(F31),2)+JUNE!E30 -> 0
A32: 23 | B32: TOTAL DIRECT AND ADMINISTRATIVE EXPENSES | D32: =SUM(D30:D31) -> 0 | E32: =SUM(E30:E31) -> 0 | F32: =SUM(F30:G31) -> 0 | K32: TOTAL:
A33: 24 | B33: IN-KIND EXPENSES | D33: =JUNE!D32 -> 0 | E33: =SUM(F33)+JUNE!E32 -> 0 | K33: $
A34: 25 | B34: TOTAL EXPENSES | D34: =SUM(D32:D33) -> 0 | E34: =SUM(E32:E33) -> 0 | F34: =SUM(F32:G33) -> 0
A35: I Certify, to the Best of my Knowledge and Belief, the data above is correct and all expenditures were made in accordance with the contract conditions and payment is due and has not been previously requested. | G35: TDMHSAS SECTION ONLY
A37: (REQUIRED) GRANTEE'S AUTHORIZED SIGNATURE: | G37: APPROVED BY:____________________________DATE___________________
A38: NAME TITLE | G38: If not approved for payment – please state reason: ___________________________
G39: ___________________________________________________________________
A40: DATE | C40: Additional Comments if needed | G40: DISAPPROVED BY:____________________________ DATE:____________PROGRAM DIRECTOR
A41: TIMELY FILED, ERROR FREE INVOICES SPEED UP PAYMENT PROCESSING AND ARE APPRECIATED. | K41: Form Date: 6/30/22

Sheet Sheet1
G1: 44920 | J1: 44893 | L1: ="From "&TEXT(J1,"mm/dd/yyyy")&" thru "&TEXT(G1,"mm/dd/yyyy") -> From 11/28/2022 thru 12/25/2022
G5: MONTH END | H5: Days in Month | I5: Days minus 1 | J5: MONTH Start | L5: MONTH RANGE
G6: 45138 | H6: 31 | I6: =+H6-1 -> 30 | J6: =+G6-I6 -> 45108 | L6: =TEXT(J6,"mm/dd/yyyy")&" thru "&TEXT(G6,"mm/dd/yyyy") -> 07/01/2023 thru 07/31/2023
C7: 45046 | G7: =+G6+H7 -> 45169 | H7: 31 | I7: =+H7-1 -> 30 | J7: =+G7-I7 -> 45139 | L7: =TEXT(J7,"mm/dd/yyyy")&" thru "&TEXT(G7,"mm/dd/yyyy") -> 08/01/2023 thru 08/31/2023
C8: 45077 | G8: =+G7+H8 -> 45199 | H8: 30 | I8: =+H8-1 -> 29 | J8: =+G8-I8 -> 45170 | L8: =TEXT(J8,"mm/dd/yyyy")&" thru "&TEXT(G8,"mm/dd/yyyy") -> 09/01/2023 thru 09/30/2023
C9: 45107 | G9: =+G8+H9 -> 45230 | H9: 31 | I9: =+H9-1 -> 30 | J9: =+G9-I9 -> 45200 | L9: =TEXT(J9,"mm/dd/yyyy")&" thru "&TEXT(G9,"mm/dd/yyyy") -> 10/01/2023 thru 10/31/2023
C10: 45138 | G10: =+G9+H10 -> 45260 | H10: 30 | I10: =+H10-1 -> 29 | J10: =+G10-I10 -> 45231 | L10: =TEXT(J10,"mm/dd/yyyy")&" thru "&TEXT(G10,"mm/dd/yyyy") -> 11/01/2023 thru 11/30/2023
C11: 45169 | G11: =+G10+H11 -> 45291 | H11: 31 | I11: =+H11-1 -> 30 | J11: =+G11-I11 -> 45261 | L11: =TEXT(J11,"mm/dd/yyyy")&" thru "&TEXT(G11,"mm/dd/yyyy") -> 12/01/2023 thru 12/31/2023
C12: 45199 | G12: =+G11+H12 -> 45322 | H12: 31 | I12: =+H12-1 -> 30 | J12: =+G12-I12 -> 45292 | L12: =TEXT(J12,"mm/dd/yyyy")&" thru "&TEXT(G12,"mm/dd/yyyy") -> 01/01/2024 thru 01/31/2024
C13: 45230 | G13: =+G12+H13 -> 45351 | H13: 29 | I13: =+H13-1 -> 28 | J13: =+G13-I13 -> 45323 | L13: =TEXT(J13,"mm/dd/yyyy")&" thru "&TEXT(G13,"mm/dd/yyyy") -> 02/01/2024 thru 02/29/2024
C14: 45260 | G14: =+G13+H14 -> 45382 | H14: 31 | I14: =+H14-1 -> 30 | J14: =+G14-I14 -> 45352 | L14: =TEXT(J14,"mm/dd/yyyy")&" thru "&TEXT(G14,"mm/dd/yyyy") -> 03/01/2024 thru 03/31/2024
C15: 45291 | G15: =+G14+H15 -> 45412 | H15: 30 | I15: =+H15-1 -> 29 | J15: =+G15-I15 -> 45383 | L15: =TEXT(J15,"mm/dd/yyyy")&" thru "&TEXT(G15,"mm/dd/yyyy") -> 04/01/2024 thru 04/30/2024
C16: 45322 | G16: =+G15+H16 -> 45443 | H16: 31 | I16: =+H16-1 -> 30 | J16: =+G16-I16 -> 45413 | L16: =TEXT(J16,"mm/dd/yyyy")&" thru "&TEXT(G16,"mm/dd/yyyy") -> 05/01/2024 thru 05/31/2024
C17: 45351 | G17: =+G16+H17 -> 45473 | H17: 30 | I17: =+H17-1 -> 29 | J17: =+G17-I17 -> 45444 | L17: =TEXT(J17,"mm/dd/yyyy")&" thru "&TEXT(G17,"mm/dd/yyyy") -> 06/01/2024 thru 06/30/2024
C18: 45382 | G18: =+G17+H18 -> 45504 | H18: 31 | I18: =+H18-1 -> 30 | J18: =+G18-I18 -> 45474 | L18: =TEXT(J18,"mm/dd/yyyy")&" thru "&TEXT(G18,"mm/dd/yyyy") -> 07/01/2024 thru 07/31/2024
G22: 45108 | H22: 45473 | I22: state year
G24: 45200 | H24: 45565 | I24: federal year
